 Dungeon Crawl Stone Soup version 0.29-a0-1047-g7c58e119a4 (webtiles) character file.

Game seed: 13465105078559370956

6163 SensoryNuts the Protected (level 10, -4/63 HPs)
             Began as a Gargoyle Fighter on Aug 16, 2022.
             Was an Initiate of Gozag.
             Slain by an orc warrior
             ... wielding a +0 glaive
              (18 damage)
             ... on level 8 of the Dungeon.
             The game lasted 00:11:14 (8276 turns).

SensoryNuts the Protected (Gargoyle Fighter)        Turns: 8276, Time: 00:11:15

Health: -4/63      AC: 25    Str: 24    XL:     10   Next: 90%
Magic:  10/10      EV:  7    Int:  9    God:    Gozag
Gold:   396        SH:  5    Dex:  9    Spells: 9/9 levels left

rFire   . . .      SeeInvis .   u - +5 scimitar
rCold   . . .      Faith    .   c - +0 buckler
rNeg    + . .      Spirit   .   l - +1 plate armour
rPois   ∞          Reflect  .   j - +0 helmet
rElec   +          Harm     .   q - +0 cloak
rCorr   .          Rampage  .   (no gloves)
Will    .....                   (no boots)
Stlth   ..........              (no amulet)
HPRegen 0.20/turn               (no ring)
MPRegen 0.12/turn               (no ring)

@: no status effects
A: sickness immunity, AC +7, negative energy resistance 1, electricity
resistance, torment resistance 1, petrification resistance
a: Renounce Religion, Potion Petition, Call Merchant, Bribe Branch


You were on level 8 of the Dungeon.
You worshipped Gozag.
Gozag was aware of your devotion.
You visited 2 branches of the dungeon, and saw 9 of its levels.

You collected 499 gold pieces.
You paid 103 gold pieces to Gozag.

Inventory:

Hand Weapons
 a - a +3 vorpal trident
 f - a +3 vorpal dire flail
 h - a +0 giant club
 u - a +5 scimitar (weapon)
 v - a +2 war axe of flaming
Missiles
 g - 2 throwing nets (quivered)
Armour
 b - a +0 scale mail
 c - a +0 buckler (worn)
 j - a +0 helmet (worn)
 l - a +1 plate armour (worn)
 q - a +0 cloak (worn)
Jewellery
 k - a ring of magical power
 p - a ring of protection from cold
Wands
 m - a wand of flame (17)
Scrolls
 d - 2 scrolls of poison
 i - 5 scrolls of teleportation
 n - a scroll of torment
 r - a scroll of blinking
 w - 3 scrolls of identify
Potions
 e - 2 potions of brilliance
 o - 2 potions of curing
 s - 2 potions of invisibility {unknown}
 t - a potion of flight


   Skills:
 + Level 7.5 Fighting
 + Level 9.6 Polearms
 + Level 10.3 Armour
 + Level 3.1 Dodging
 + Level 4.2 Stealth
 + Level 6.7 Shields
 + Level 3.4 Unarmed Combat


You had 9 spell levels left.
You didn't know any spells.
Your spell library contained the following spells:

 Spells                   Type           Power      Damage    Failure   Level
 Slow                     Hex            0%         N/A       99%         1
 Confusing Touch          Hex            0%         N/A       100%        3
 Dazzling Flash           Conj/Hex       0%         N/A       100%        3
 Inner Flame              Hex/Fire       0%         N/A       100%        3
 Ozocubu's Armour         Ice            0%         N/A       100%        3
 Vampiric Draining        Necr           0%         2d6       100%        3
 Cause Fear               Hex            0%         N/A       100%        4
 Iskenderun's Mystic Bla  Conj/Tloc      0%         2d3       100%        4
 Olgreb's Toxic Radiance  Pois           0%         N/A       100%        4
 Starburst                Conj/Fire      0%         6d3       100%        6
 Ozocubu's Refrigeration  Ice            0%         4d7       100%        7
 Discord                  Hex            0%         N/A       100%        8
 Ignition                 Fire           0%         3d3       100%        8


Dungeon Overview and Level Annotations

Branches:
Dungeon (8/15)             Temple (1/1) D:6
   Lair: D:8-11

Altars:
Ashenzari
Cheibriados
Dithmenos
Elyvilon
Fedhas
Gozag
Hepliaklqana
Kikubaaqudgha
Makhleb
Nemelex Xobeh
Okawaru
Qazlal
Ru
Sif Muna
Trog
Uskayaw
Vehumet
Wu Jian
Xom
Yredelemnul
Zin
The Shining One

Shops:
D:5 =


Innate Abilities, Weirdness & Mutations

You are immune to sickness and miasma.
Your stone body is resilient. (AC +7)
You are immune to poison.
You resist negative energy. (rN+)
You are resistant to electric shocks. (rElec)
You are resistant to unholy torment.
You are immune to petrification.


Message History

The orc warrior barely misses you.
You hit the orc warrior.
The orc warrior is lightly wounded.
The orc warrior hits you with a +0 glaive!
The orc warrior hits you with a +0 glaive.
You are too injured to fight recklessly!
You are too injured to fight recklessly!
You are too injured to fight recklessly!
You are too injured to fight recklessly!
An orc warrior is nearby!
An orc warrior is nearby!
You are too injured to fight recklessly!
You are too injured to fight recklessly!
You are too injured to fight recklessly!
You are too injured to fight recklessly!
You are too injured to fight recklessly!
You are too injured to fight recklessly!
You are too injured to fight recklessly!
You are too injured to fight recklessly!
You are too injured to fight recklessly!
You hit the orc warrior.
The orc warrior is lightly wounded.
The orc warrior hits you with a +0 glaive!
You slash the orc warrior!
The orc warrior is heavily wounded.
The orc warrior hits you with a +0 glaive!
* * * LOW HITPOINT WARNING * * *
You hit the orc warrior.
The orc warrior is heavily wounded.
The orc warrior hits you with a +0 glaive.
* * * LOW HITPOINT WARNING * * *
The orc warrior hits you but does no damage.
You barely miss the orc warrior.
The orc warrior is heavily wounded.
The orc warrior hits you with a +0 glaive.
* * * LOW HITPOINT WARNING * * *
You feel better.
The orc warrior hits you with a +0 glaive!!
You die...
Your body crumbles into a pile of gold.

### ..# #.#
#.# ##.##
#.####.<.###.#
#......).....#
######$..#####
##@## #o# ..#
##.# #.# #.#
#.# #.#


You could see an orc warrior.

Vanquished Creatures
  The ghost of themarg the Caller, a novice MfSu (D:5)
  A steam dragon (D:7)
  A vampire mosquito (D:6)
  Menkaure (D:5)
  Edmund (D:5)
  2 water moccasins (D:6)
  An ice beast (D:6)
  A sky beast (D:6)
  A black bear (D:4)
  A centaur (D:7)
  2 ogres (D:5)
  3 phantoms
  Blork the orc (D:5)
  A necrophage (D:5)
  3 scorpions
  7 wights
  6 electric eels (D:6)
  Crazy Yiuf (D:3)
  4 hounds
  An orc priest (D:7)
  3 orc wizards
  5 iguanas
  A hound zombie (D:3)
  Robin (D:3)
  14 adders
  11 gnolls
  4 white imps
  2 ufetubi
  A worm (D:4)
  2 dart slugs
  12 orcs
  3 bats
  2 endoplasms
  A giant cockroach (D:1)
  13 goblins
  4 hobgoblins
  5 jackals
  2 quokkas (D:1)
  4 ball pythons
  A ball python skeleton (D:3)
  3 frilled lizards
  4 kobolds
  A quokka skeleton (D:3)
  3 rats
142 creatures vanquished.

Vanquished Creatures (others)
  5 plants (D:6)
5 creatures vanquished.

Grand Total: 147 creatures vanquished

Notes
Turn   | Place    | Note
-------+----------+-------------------------------------------
     0 | D:1      | SensoryNuts the Gargoyle Fighter began the quest for the
                  | Orb.
     0 | D:1      | Reached XP level 1. HP: 14/14 MP: 1/1
    95 | D:1      | Reached XP level 2. HP: 13/19 MP: 2/2
   227 | D:1      | You fall into a shaft and drop 1 floor!
   581 | D:2      | Reached XP level 3. HP: 22/23 MP: 3/3
  1304 | D:3      | Reached skill level 4 in Armour
  1304 | D:3      | Reached XP level 4. HP: 26/28 MP: 4/4
  1444 | D:3      | Noticed Robin
  1472 | D:3      | Reached XP level 5. HP: 18/33 MP: 5/5
  1476 | D:3      | Killed Robin
  1887 | D:3      | Found a faded altar of an unknown god.
  2047 | D:3      | Found a runed translucent door.
  2048 | D:3      | Noticed Crazy Yiuf
  2343 | D:3      | Killed Crazy Yiuf
  2797 | D:4      | Reached XP level 6. HP: 12/38 MP: 6/6
  3194 | D:4      | Reached skill level 5 in Armour
  3291 | D:4      | Noticed a black bear
  3297 | D:4      | Killed a black bear
  3937 | D:5      | Entered Level 5 of the Dungeon
  3941 | D:5      | Reached XP level 7. HP: 29/43 MP: 7/7
  4081 | D:5      | Reached skill level 5 in Polearms
  4131 | D:5      | Noticed Edmund
  4136 | D:5      | Killed Edmund
  4137 | D:5      | Reached skill level 6 in Armour
  4382 | D:5      | Found a bloodstained altar of Trog.
  4527 | D:5      | Noticed Blork the orc
  4536 | D:5      | Killed Blork the orc
  4537 | D:5      | Reached XP level 8. HP: 36/48 MP: 8/8
  4744 | D:5      | Found a large runed translucent door.
  4745 | D:5      | Found a large runed translucent door.
  4757 | D:5      | Noticed themarg's ghost (novice MfSu)
  4768 | D:5      | Noticed Menkaure
  4774 | D:5      | Killed Menkaure
  4977 | D:5      | Reached skill level 5 in Fighting
  5080 | D:5      | Found Iziacu's Jewellery Boutique.
  5452 | D:5      | Reached skill level 7 in Armour
  5559 | D:5      | Killed themarg's ghost
  5560 | D:5      | Reached XP level 9. HP: 40/55 MP: 9/9
  6158 | D:6      | Reached skill level 5 in Shields
  6229 | D:6      | Identified the +6 scale mail of Ignis's Regard {rPois}
  6247 | D:6      | Found a staircase to the Ecumenical Temple.
  6274 | Temple   | Entered the Ecumenical Temple
  6383 | Temple   | Became a worshipper of Gozag Ym Sagoz the Greedy
  6990 | D:6      | Reached skill level 10 in Armour
  6990 | D:6      | Reached XP level 10. HP: 63/63 MP: 10/10
  7322 | D:6      | Found a broken altar of Ashenzari.
  7323 | D:6      | Found a stormy altar of Qazlal.
  7324 | D:6      | Found a shadowy altar of Dithmenos.
  8276 | D:8      | Slain by an orc warrior

Illustrated notes

Levels and vault maps discovered:
D:1:      amcnicky_arrival_blooded_trapdoor, layout_basic, roderic_filled_cross,
          skrybe_limestone_x, minmay_heptomino_h4
D:2:      layout_loops_ring
D:3:      layout_basic, basic_ecumenical_altar, serial_undead, serial_undead_d,
          serial_undead_e, serial_undead_a, serial_undead_d, uniq_robin,
          uniq_crazy_yiuf_cottage
D:4:      layout_basic
D:5:      minmay_bubble_buster, layout_basic, mainiacjoe_overflow_boulevard,
          ebering_ghost_disaster_area, nicolae_kite_square_tiling_tiny,
          grunt_decor_arrowhead, nicolae_take_the_stairs, uniq_menkaure,
          uniq_blork_the_orc, uniq_edmund
D:6:      cheibrodos_two_vegetables, layout_cave_pools, minitemple,
          minmay_temple_entry_mini_moons
D:7:      layout_basic
D:8:      layout_loops_ring, gammafunk_ghost_icy, nicolae_shop_overcharged_wands
Temple:   compressed_dpeg_circular_temple

Skill      XL: |  1  2  3  4  5  6  7  8  9 |
---------------+----------------------------+-----
Polearms       | 2 3 4 5 7 9 |  9.6
Armour         | 4 5 6 7 10 | 10.3
Fighting       | 4 5 7 |  7.5
Shields        | 4 6 |  6.7
Dodging        | 3 |  3.1
Stealth        | 4 |  4.2
Unarmed Combat | 3 |  3.4

Action                   |  1- 3 |  4- 6 |  7- 9 | 10-12 || total
-------------------------+-------+-------+-------+-------++-------
Melee: Trident           |   121 |   178 |   255 |    82 ||   636
       Scimitar          |       |       |       |    16 ||    16
  Use: Scroll            |     5 |     6 |     3 |       ||    14
       Potion            |     1 |     5 |     7 |     1 ||    14
Armor: Scale mail        |    71 |       |       |       ||    71
       Plate armour      |     1 |   139 |   150 |    38 ||   328
Dodge: Dodged            |    62 |    49 |    67 |    21 ||   199
Block: Buckler           |    27 |    38 |    45 |    11 ||   121

Table legend: (Time is in decaauts)
 A = Elapsed time spent in this place.
 B = Non-inter-level travel time spent in this place.
 C = Inter-level travel time spent in this place.
 D = Time resting spent in this place.
 E = Time spent auto-exploring this place.
 F = Levels seen in this place.
 G = Mean time per level.
                   A        B        C        D        E       F      G
               +--------+--------+--------+--------+--------+-----+--------+
         Total |   8351 |   7907 |    444 |    160 |   6204 |   9 |  927.9 |
       Dungeon |   8223 |   7779 |    444 |    160 |   6146 |   8 | 1027.9 |
        Temple |    128 |    128 |      0 |      0 |     58 |   1 |  128.0 |
               +--------+--------+--------+--------+--------+-----+--------+

Top non-repeatable levels by time:
     D:5: 1985 daAuts
     D:4: 1404 daAuts
     D:6: 1311 daAuts
     D:3: 1209 daAuts
     D:2: 1198 daAuts
     D:7: 852 daAuts
     D:1: 235 daAuts
  Temple: 128 daAuts
     D:8: 26 daAuts
